 Dungeon Crawl Stone Soup version 0.28.0-43-g3370ac3207 (webtiles) character file.

Game seed: 11838986676863595896

1525 Ablot the Grasshopper (level 8, -1/64 HPs)
             Began as a Gnoll Warper on Mar 1, 2022.
             Was an Initiate of Okawaru.
             Slain by Harold
             ... wielding a +1 dire flail of venom
              (22 damage)
             ... on level 7 of the Dungeon.
             The game lasted 00:11:28 (7042 turns).

Ablot the Grasshopper (Gnoll Warper)                Turns: 7042, Time: 00:11:29

Health: -1/64      AC:  6    Str: 12    XL:     8   Next: 84%
Magic:  17/17      EV: 13    Int: 12    God:    Okawaru [......]
Gold:   277        SH:  0    Dex: 13    Spells: 17/19 levels left

rFire   . . .      SeeInvis +   q - +4 hand axe of Slow Death {venom, rElec rPois rN++ Stlth-}
rCold   . . .      Faith    .   (no shield)
rNeg    + + .      Spirit   .   b - +0 leather armour
rPois   +          Reflect  .   r - +0 helmet
rElec   +          Harm     .   A - +0 cloak
rCorr   .          Rampage  .   (no gloves)
Will    .....                   (no boots)
Stlth   +.........              w - amulet of regeneration
HPRegen 1.00/turn               m - ring of poison resistance
MPRegen 0.15/turn               F - ring of see invisible

@: lethally poisoned (-1 -> -13)
A: fangs 1, strong nose, distributed training
a: Renounce Religion


You were on level 7 of the Dungeon.
You worshipped Okawaru.
Okawaru was noncommittal.
You visited 2 branches of the dungeon, and saw 8 of its levels.

You collected 277 gold pieces.

Inventory:

Hand Weapons
 a - a +0 trident
 q - the +4 hand axe of Slow Death (weapon) {venom, rElec rPois rN++ Stlth-}
   (You found it on level 2 of the Dungeon)

   It poisons the flesh of those it strikes.
   rElec:     It insulates you from electricity.
   rPois:     It protects you from poison.
   rN:        It greatly protects you from negative energy.
   Stlth:     It makes you less stealthy.
 s - a +3 hunting sling
 v - a +4 short sword of flaming
Missiles
 d - 5 boomerangs of dispersal
 g - 62 arrows
 h - 102 stones
 o - 45 bolts
 p - 9 boomerangs (quivered)
 t - 6 javelins
 y - 4 poisoned darts
 E - 21 sling bullets
Armour
 b - a +0 leather armour (worn)
 r - a +0 helmet (worn)
 A - a +0 cloak (worn)
Jewellery
 m - a ring of poison resistance (left hand)
 w - an amulet of regeneration (around neck)
 F - a ring of see invisible (right hand)
Wands
 D - a wand of flame (14)
Scrolls
 c - a scroll of blinking
 e - a scroll of immolation {unknown}
 f - 7 scrolls of identify {unknown}
 i - 2 scrolls of amnesia {unknown}
 j - 6 scrolls of magic mapping {unknown}
 k - a scroll of fear {unknown}
 l - a scroll of noise {unknown}
 x - a scroll of teleportation {unknown}
 C - a scroll of torment {unknown}
 G - a scroll of brand weapon {unknown}
 H - a scroll of enchant armour {unknown}
Potions
 n - a potion of brilliance {unknown}
 u - a potion of mutation {unknown}
 z - 5 potions of curing {unknown}
 B - a potion of lignification {unknown}
 I - a potion of attraction {unknown}


   Skills:
 + Level 5.9 Fighting
 + Level 3.6 Short Blades
 + Level 3.6 Long Blades
 + Level 3.6 Axes
 + Level 3.6 Maces & Flails
 + Level 5.9 Polearms
 + Level 3.6 Staves
 + Level 3.6 Slings
 + Level 3.6 Bows
 + Level 3.6 Crossbows
 + Level 4.5 Throwing
 + Level 4.5 Armour
 + Level 5.9 Dodging
 + Level 3.6 Stealth
 + Level 3.6 Shields
 + Level 3.6 Unarmed Combat
 + Level 6.2 Spellcasting
 + Level 3.0 Conjurations
 + Level 3.0 Hexes
 + Level 3.0 Summonings
 + Level 3.0 Necromancy
 + Level 6.3 Translocations
 + Level 3.0 Transmutations
 + Level 3.0 Fire Magic
 + Level 3.0 Ice Magic
 + Level 3.0 Air Magic
 + Level 3.0 Earth Magic
 + Level 3.0 Poison Magic
 + Level 4.0 Invocations
 + Level 3.6 Evocations


You had 17 spell levels left.
You knew the following spells:

 Your Spells              Type           Power      Damage    Failure   Level
a - Blink                 Tloc           36%        N/A       2%          2

Your spell library contained the following spells:

 Spells                   Type           Power      Damage    Failure   Level
 Gell's Gravitas          Tloc           18%        N/A       4%          3
 Lesser Beckoning         Tloc           18%        N/A       4%          3
 Teleport Other           Tloc           18%        N/A       4%          3
 Pain                     Necr           40%        1d6       7%          1
 Shock                    Conj/Air       40%        1d5       7%          1
 Swiftness                Air            10%        N/A       21%         3
 Manifold Assault         Tloc           18%        N/A       43%         5
 Airstrike                Air            5%         N/A       54%         4
 Agony                    Necr           10%        N/A       88%         5
 Excruciating Wounds      Necr           5%         N/A       88%         5


Dungeon Overview and Level Annotations

Branches:
Dungeon (7/15)             Temple (1/1) D:6

Altars:
Ashenzari
Cheibriados
Dithmenos
Elyvilon
Fedhas
Gozag
Hepliaklqana
Kikubaaqudgha
Makhleb
Nemelex Xobeh
Okawaru
Qazlal
Ru
Sif Muna
Trog
Uskayaw
Vehumet
Wu Jian
Xom
Yredelemnul
Zin
The Shining One

Annotations:
D:7 Harold


Innate Abilities, Weirdness & Mutations

You have very sharp teeth.
Your uncanny sense of smell can sniff out nearby items.
Your experience applies equally to all skills.


Message History

You struggle against the net.
Harold gestures at you while chanting. The mark upon you grows brighter.
You rip the net and break free!
Harold casts a spell at you.
You barely resist. Harold gestures at you while chanting.
The mark upon you grows brighter.
Harold throws a throwing net.
The throwing net closely misses you.
You see here a throwing net.
There is a stone staircase leading up here.
Casting: Blink (safe; 2% risk of failure)
Confirm with . or Enter, or press ? or * to list all spells.
Okay, then.
You climb upwards.
There is a stone staircase leading down here.
You start resting.
HP restored.
Your +4 short sword of flaming stops flaming.
The +4 hand axe of Slow Death {venom, rElec rPois rN++ Stlth-} begins to drip with poison!
q - the +4 hand axe of Slow Death (weapon)
{venom, rElec rPois rN++ Stlth-} You start waiting.
The sentinel's mark upon you fades away.
You climb downwards.
Level annotation: Harold
There is a stone staircase leading up here.
Unknown command.
Harold points at you and mumbles some strange words.
You barely resist.
You see here a throwing net.
Harold hits you with a +1 dire flail of venom!!
You are poisoned.
You barely miss Harold.
You feel extremely sick. Harold barely misses you.
You hit Harold but do no damage.
Harold is poisoned.
You feel very sick.
Harold hits you with a +1 dire flail of venom!
Harold hits you with a +1 dire flail of venom!!
You die...

#.. #.# # #.#.
#.# .##.
#.#...###.##...@.
#.# #Y....@......
#.# #.# #.# #Y#
#<# #.# ##(## #.#
#..@######.#
#...@...(..#
#...########
#####


You could see Harold (very poisoned).

Vanquished Creatures
  Sigmund (D:6)
  4 ice beasts
  An ogre (D:6)
  A phantom (D:3)
  3 scorpions
  A water moccasin skeleton (D:4)
  A jelly (D:4)
  A bullfrog skeleton (D:5)
  2 orc priests
  A centaur skeleton (D:6)
  2 hounds
  2 gnoll shamans
  A scorpion zombie (D:5)
  An iguana (D:4)
  An orc wizard (D:5)
  A hound skeleton (D:4)
  9 gnolls
  A howler monkey skeleton (D:4)
  3 adders
  A white imp (D:5)
  2 ufetubi
  2 worms
  A dart slug (D:2)
  8 orcs
  10 ball pythons
  2 bats
  9 endoplasms
  6 giant cockroaches
  6 goblins
  4 hobgoblins
  A quokka (D:4)
  7 frilled lizards
  8 kobolds
  2 rats
106 creatures vanquished.

Vanquished Creatures (others)
  2 gnolls (D:5)
  9 plants (D:4)
11 creatures vanquished.

Grand Total: 117 creatures vanquished

Notes
Turn   | Place    | Note
-------+----------+-------------------------------------------
     0 | D:1      | Ablot the Gnoll Warper began the quest for the Orb.
     0 | D:1      | Reached XP level 1. HP: 20/20 MP: 6/6
   414 | D:1      | Reached XP level 2. HP: 3/26 MP: 7/7
   725 | D:1      | Learned a level 2 spell: Blink
  1412 | D:2      | Found a faded altar of an unknown god.
  1514 | D:2      | Reached XP level 3. HP: 31/31 MP: 9/9
  1516 | D:2      | Reached skill level 5 in Spellcasting
  1942 | D:2      | Reached skill level 1 in Invocations
  2212 | D:2      | Identified the +4 hand axe of Slow Death {venom, rElec
                  | rPois rN++ Stlth-}
  2316 | D:2      | Reached skill level 1 in Short Blades
  2316 | D:2      | Reached skill level 1 in Long Blades
  2316 | D:2      | Reached skill level 1 in Axes
  2316 | D:2      | Reached skill level 1 in Maces & Flails
  2316 | D:2      | Reached skill level 1 in Staves
  2316 | D:2      | Reached skill level 1 in Slings
  2316 | D:2      | Reached skill level 1 in Bows
  2316 | D:2      | Reached skill level 1 in Crossbows
  2316 | D:2      | Reached skill level 1 in Stealth
  2316 | D:2      | Reached skill level 1 in Shields
  2316 | D:2      | Reached skill level 1 in Unarmed Combat
  2316 | D:2      | Reached skill level 1 in Evocations
  2357 | D:3      | Noticed a phantom
  2373 | D:3      | Killed a phantom
  2374 | D:3      | Reached skill level 1 in Conjurations
  2374 | D:3      | Reached skill level 1 in Hexes
  2374 | D:3      | Reached skill level 1 in Summonings
  2374 | D:3      | Reached skill level 1 in Necromancy
  2374 | D:3      | Reached skill level 1 in Transmutations
  2374 | D:3      | Reached skill level 1 in Fire Magic
  2374 | D:3      | Reached skill level 1 in Ice Magic
  2374 | D:3      | Reached skill level 1 in Air Magic
  2374 | D:3      | Reached skill level 1 in Earth Magic
  2374 | D:3      | Reached skill level 1 in Poison Magic
  2374 | D:3      | Reached XP level 4. HP: 4/38 MP: 6/11
  2374 | D:3      | Reached XP level 5. HP: 5/43 MP: 6/12
  2941 | D:3      | Found a hazy altar of Hepliaklqana.
  2941 | D:3      | Found a sacrificial altar of Ru.
  2944 | D:3      | Found a burning altar of Makhleb.
  2949 | D:3      | Found a glowing golden altar of the Shining One.
  2949 | D:3      | Found a white marble altar of Elyvilon.
  2949 | D:3      | Found a glowing silver altar of Zin.
  2949 | D:3      | Found a hide-covered altar of Uskayaw.
  2949 | D:3      | Found a blossoming altar of Fedhas.
  2950 | D:3      | Found a sparkling altar of Nemelex Xobeh.
  2951 | D:3      | Found a bloodstained altar of Trog.
  2952 | D:3      | Found an ornate altar of the Wu Jian Council.
  2954 | D:3      | Found a broken altar of Ashenzari.
  2957 | D:3      | Became a worshipper of Elyvilon the Healer
  3533 | D:5      | Entered Level 5 of the Dungeon
  3535 | D:5      | HP: 1/43 [ufetubus (2)]
  3795 | D:5      | Reached * piety under Elyvilon
  3825 | D:5      | Noticed an ice beast
  4145 | D:3      | Reached XP level 6. HP: 34/50 MP: 14/14
  4269 | D:4      | Reached skill level 5 in Fighting
  4269 | D:4      | Reached skill level 5 in Polearms
  4269 | D:4      | Reached skill level 5 in Dodging
  4344 | D:4      | Noticed an ice beast
  4357 | D:4      | Killed an ice beast
  4416 | D:4      | Reached XP level 7. HP: 33/56 MP: 15/15
  4781 | D:4      | Reached ** piety under Elyvilon
  5471 | D:5      | Reached XP level 8. HP: 53/63 MP: 6/16
  5659 | D:5      | Found a shimmering blue altar of Sif Muna.
  5963 | D:6      | Noticed Sigmund
  5978 | D:6      | Killed Sigmund
  6018 | D:6      | Found a staircase to the Ecumenical Temple.
  6054 | Temple   | Entered the Ecumenical Temple
  6189 | Temple   | Fell from the grace of Elyvilon
  6189 | Temple   | Became a worshipper of Warmaster Okawaru
  6906 | D:7      | Noticed Harold
  7042 | D:7      | Slain by Harold

Illustrated notes

Levels and vault maps discovered:
D:1:      nicolae_arrival_memento_mori, layout_basic
D:2:      layout_loops_corners, ebering_ecumenical_altar_ruins
D:3:      layout_basic, minitemple
D:4:      layout_basic, minivault_24, kennysheep_nondescript,
          serial_bayou_lagoon_b
D:5:      layout_rooms, mainiacjoe_overflow_paths, grunt_ministairs_7,
          skrybe_limestone_x, kennysheep_small_circle
D:6:      layout_basic, minmay_temple_entry_mini_moons,
          kennysheep_pointless_box, uniq_sigmund
D:7:      layout_loops_ring, serial_shops, kennysheep_little_box, uniq_joseph,
          uniq_menkaure, uniq_harold
Temple:   kb_temple_of_zot

Skill      XL: |  1  2  3  4  5  6  7  8 |
---------------+-------------------------+-----
Spellcasting   | 5 6 |  6.2
Invocations    | 1 2 3 4 |  4.0
Short Blades   | 1 2 3 |  3.6
Long Blades    | 1 2 3 |  3.6
Axes           | 1 2 3 |  3.6
Maces & Flails | 1 2 3 |  3.6
Staves         | 1 2 3 |  3.6
Slings         | 1 2 3 |  3.6
Bows           | 1 2 3 |  3.6
Crossbows      | 1 2 3 |  3.6
Stealth        | 1 2 3 |  3.6
Shields        | 1 2 3 |  3.6
Unarmed Combat | 1 2 3 |  3.6
Evocations     | 1 2 3 |  3.6
Conjurations   | 1 2 3 |  3.0
Hexes          | 1 2 3 |  3.0
Summonings     | 1 2 3 |  3.0
Necromancy     | 1 2 3 |  3.0
Transmutations | 1 2 3 |  3.0
Fire Magic     | 1 2 3 |  3.0
Ice Magic      | 1 2 3 |  3.0
Air Magic      | 1 2 3 |  3.0
Earth Magic    | 1 2 3 |  3.0
Poison Magic   | 1 2 3 |  3.0
Throwing       | 3 4 |  4.5
Armour         | 3 4 |  4.5
Fighting       | 5 |  5.9
Polearms       | 5 |  5.9
Dodging        | 5 |  5.9
Translocations | 6 |  6.3

Action                   |  1- 3 |  4- 6 |  7- 9 || total
-------------------------+-------+-------+-------++-------
Melee: Spear             |   118 |       |       ||   118
       Bite              |    15 |     9 |    24 ||    48
       Punch             |     2 |     4 |     3 ||     9
       Hand axe          |    10 |    77 |   110 ||   197
       Short sword       |       |    25 |    45 ||    70
 Fire: Hunting sling     |       |       |     4 ||     4
Throw: Boomerang         |     5 |     4 |     2 ||    11
 Cast: Blink             |     2 |     2 |       ||     4
Invok: Heal Other        |       |       |     6 ||     6
 Stab: Sleeping          |     6 |       |       ||     6
Armor: Leather armour    |    13 |    37 |    35 ||    85
Dodge: Dodged            |    43 |    96 |   112 ||   251
